 Dungeon Crawl Stone Soup version 0.28-a0-816-gb054d885db (console) character file.

Game seed: 1410871510939045670

865 jejorda2 the Conjurer (level 7, 0/54 HPs)
             Began as a Demonspawn Conjurer on Nov 8, 2021.
             Slain by a centaur (2 damage)
             ... on level 5 of the Dungeon.
             The game lasted 00:16:32 (4830 turns).

jejorda2 the Conjurer (Demonspawn Conjurer)         Turns: 4830, Time: 00:16:32

Health: 0/54       AC: 13    Str:  9    XL:     7   Next: 72%
Magic:  13/13      EV: 10    Int: 20    God:
Gold:   158        SH:  0    Dex: 11    Spells: 3/14 levels left

rFire   . . .      SeeInvis .   a - +4 short sword
rCold   . . .      Faith    .   (no shield)
rNeg    . . .      Spirit   .   j - +0 ring mail
rPois   .          Reflect  .   (no helmet)
rElec   .          Harm     .   (no cloak)
rCorr   .          Rampage  .   (no gloves)
Will    .....                   m - +1 pair of boots
Stlth   +.........              (no amulet)
HPRegen 0.18/turn               i - ring of wizardry
MPRegen 0.26/turn               (no ring)

@: sanguine armoured
A: claws 2, demonic guardian 1, magic regeneration, sanguine armour 1
a: no special abilities


You were on level 5 of the Dungeon.
You visited 1 branch of the dungeon, and saw 5 of its levels.

You collected 158 gold pieces.

Inventory:

Hand Weapons
 a - a +4 short sword (weapon)
 n - a +1 spear of freezing
 u - a +2 antimagic trident
Missiles
 g - a throwing net
 h - 33 stones
 w - 3 poisoned darts
Armour
 j - a +0 ring mail (worn)
 m - a +1 pair of boots (worn)
Jewellery
 i - a ring of wizardry (left claw)
Wands
 s - a wand of polymorph (10)
Scrolls
 l - 2 scrolls of identify
 r - a scroll of amnesia
Potions
 b - a potion of mutation
 q - a potion of flight
 t - 2 potions of attraction
 x - a potion of magic


   Skills:
 + Level 4.1 Fighting
 - Level 1.7 Dodging
 - Level 1.7 Stealth
 + Level 4.3 Spellcasting
 + Level 5.0 Conjurations
 * Level 0.9 Translocations
 - Level 4.6 Air Magic


You had 3 spell levels left.
You knew the following spells:

 Your Spells              Type           Power      Damage    Failure   Level
a - Magic Dart            Conj           96%        1d7       1%          1
b - Searing Ray           Conj           48%        2d6       2%          2
c - Shock                 Conj/Air       92%        1d8       1%          1
d - Iskenderun's Mystic   Conj/Tloc      16%        2d5       36%         4
S - Swiftness             Air            22%        N/A       6%          3

Your spell library contained the following spells:

 Spells                   Type           Power      Damage    Failure   Level
 Dazzling Flash           Conj/Hex       28%        N/A       16%         3
 Airstrike                Air            11%        N/A       21%         4
 Fulminant Prism          Conj/Hex       7%         3d7       43%         4


Dungeon Overview and Level Annotations

Branches:
Dungeon (5/15)
 Temple: D:4-7

Altars:


Innate Abilities, Weirdness & Mutations

You have very sharp fingernails.
A weak demonic guardian rushes to your aid.
You regenerate magic rapidly.
When seriously injured, your bleeding wounds create armour. (AC +6)


Message History

The arrow closely misses you.
You climb upwards.
Your blood armour dries and flakes away.
There is a stone staircase leading down here.
You start resting.
Magic restored.
HP restored.
You climb downwards.
The centaur shoots an arrow.
The arrow hits you.
The centaur shoots an arrow.
The arrow hits you!
The centaur shoots an arrow.
The arrow hits you but does no damage.
There is a stone staircase leading up, spattered with blood here.
Unknown command.
The centaur shoots an arrow.
The arrow completely misses you.
The centaur shoots an arrow.
The arrow hits you but does no damage.
The centaur shoots an arrow.
The arrow hits you!
Your blood congeals into armour.
The centaur shoots an arrow.
The arrow hits you but does no damage.
Found a scale mail.
The centaur shoots an arrow.
The arrow hits you!
The centaur shoots an arrow.
The arrow hits you.
The centaur shoots an arrow.
The arrow hits you but does no damage.
The centaur shoots an arrow.
The arrow hits you.
* * * LOW HITPOINT WARNING * * *
The white imp gestures at you.
The puff of frost hits you but does no damage.
The centaur shoots an arrow.
The arrow hits you!
* * * LOW HITPOINT WARNING * * *
A demonic guardian appears!
The centaur unwields a +0 shortbow.
The centaur hits you.
* * * LOW HITPOINT WARNING * * *
The centaur kicks you but does no damage.
The white imp hits you but does no damage.
Unknown command.
Okay, then.
Unknown command.
Okay, then.
Unknown command.
Okay, then.
Unknown command.
The centaur hits you.
You die...

# ##. #[. ### ......
#..##.# .......
#....###......
.#.##.....##.....
.......@..##...#
.......c.55./##
..............##
...............#
...............####
..................#
..................#
...........<)^.>....#
.........#####....##


You could see a centaur, a white imp (ally target) and a friendly quasit
(summoned).

Vanquished Creatures
  A necrophage (D:4)
  A black bear (D:4)
  An ice beast (D:4)
  2 ogres
  A phantom (D:4)
  A centaur zombie (D:5)
  A hound (D:4)
  Natasha (thrice) (D:3)
  Terence (D:3)
  An iguana (D:3)
  6 gnolls
  3 adders
  3 worms
  2 orcs
  5 endoplasms
  6 giant cockroaches
  7 goblins
  6 hobgoblins
  4 jackals (D:1)
  5 kobolds
  4 quokkas
  5 ball pythons
  7 bats
  3 frilled lizards
  2 rats
81 creatures vanquished.

Notes
Turn   | Place    | Note
-------+----------+-------------------------------------------
     0 | D:1      | jejorda2 the Demonspawn Conjurer began the quest for the
                  | Orb.
     0 | D:1      | Reached XP level 1. HP: 13/13 MP: 3/3
   267 | D:1      | Found a faded altar of an unknown god.
   324 | D:1      | Gained mutation: A weak demonic guardian rushes to your
                  | aid. [demonic ancestry]
   324 | D:1      | Reached XP level 2. HP: 20/20 MP: 3/5
   578 | D:1      | Learned a level 2 spell: Searing Ray
   811 | D:1      | Reached skill level 1 in Fighting
   970 | D:2      | Gained mutation: You have sharp fingernails. [demonic
                  | ancestry]
   970 | D:2      | Reached XP level 3. HP: 26/26 MP: 3/6
  1408 | D:2      | Learned a level 3 spell: Swiftness
  1410 | D:2      | Learned a level 1 spell: Shock
  1478 | D:2      | Gained mutation: You regenerate magic rapidly. [demonic
                  | ancestry]
  1478 | D:2      | Reached XP level 4. HP: 28/32 MP: 1/7
  1750 | D:2      | Reached skill level 1 in Air Magic
  2413 | D:3      | Noticed a phantom
  2466 | D:3      | Gained mutation: When seriously injured, your bleeding
                  | wounds create armour. (AC +6) [demonic ancestry]
  2466 | D:3      | Reached XP level 5. HP: 38/38 MP: 5/9
  2657 | D:3      | Noticed Terence
  2659 | D:3      | Noticed Natasha
  2677 | D:3      | Killed Terence
  2875 | D:3      | Killed Natasha
  2973 | D:3      | Noticed Natasha
  2977 | D:3      | Killed Natasha
  3230 | D:3      | Noticed Natasha
  3243 | D:3      | Killed Natasha
  3327 | D:3      | Reached XP level 6. HP: 46/46 MP: 7/10
  4031 | D:4      | Gained mutation: You have very sharp fingernails. [demonic
                  | ancestry]
  4031 | D:4      | Reached XP level 7. HP: 50/52 MP: 3/12
  4465 | D:5      | Entered Level 5 of the Dungeon
  4642 | D:5      | Learned a level 4 spell: Iskenderun's Mystic Blast
  4726 | D:5      | Reached skill level 5 in Conjurations
  4829 | D:5      | HP: 2/54 [centaur (2)]
  4830 | D:5      | Slain by a centaur

Illustrated notes

Levels and vault maps discovered:
D:1:      beargit_arrival_diablo_church, layout_basic,
          ebering_ecumenical_altar_rust
D:2:      layout_rooms
D:3:      layout_basic, uniq_terence, uniq_natasha
D:4:      layout_cave_pods, hangedman_decor_points
D:5:      layout_cave_pools

Skill      XL: |  1  2  3  4  5  6  7 |
---------------+----------------------+-----
Fighting       | 1 2 3 4 |  4.1
Air Magic      | 1 2 3 4 |  4.6
Spellcasting   | 3 4 |  4.3
Conjurations   | 5 |  5.0
Dodging        | |  1.7
Stealth        | |  1.7
Translocations | |  0.9

Action                   |  1- 3 |  4- 6 |  7- 9 || total
-------------------------+-------+-------+-------++-------
Melee: Mace              |    13 |     6 |       ||    19
       Unarmed           |       |     2 |       ||     2
       Short sword       |       |    20 |    10 ||    30
Throw: Stone             |       |     2 |       ||     2
 Cast: Magic Dart        |    48 |    37 |     3 ||    88
       Searing Ray       |     6 |    18 |    10 ||    34
       Shock             |       |    15 |     2 ||    17
  Use: Scroll            |       |       |     9 ||     9
Armor: Leather armour    |     8 |       |       ||     8
       Ring mail         |     1 |    36 |    18 ||    55
Dodge: Dodged            |    23 |    52 |    22 ||    97

Table legend: (Time is in decaauts)
 A = Elapsed time spent in this place.
 B = Non-inter-level travel time spent in this place.
 C = Inter-level travel time spent in this place.
 D = Time resting spent in this place.
 E = Time spent auto-exploring this place.
 F = Levels seen in this place.
 G = Mean time per level.
                   A        B        C        D        E       F      G
               +--------+--------+--------+--------+--------+-----+--------+
         Total |   4858 |   4487 |    371 |    682 |   3011 |   5 |  971.6 |
       Dungeon |   4858 |   4487 |    371 |    682 |   3011 |   5 |  971.6 |
               +--------+--------+--------+--------+--------+-----+--------+

Top non-repeatable levels by time:
     D:4: 1405 daAuts
     D:3: 1376 daAuts
     D:1: 1274 daAuts
     D:2: 730 daAuts
     D:5: 71 daAuts
